AoeStats
← Barriga de Bosta

Four Lakes

510180521Analyzed
1v1 RM · 17h ago on Sep 29, 2026· 40m 9s· 2 players
Game mode
Random Map
Map size
Tiny (2 player)
Population
200
Speed
Normal
Resources
Standard
Victory
Conquest
Starting age
Dark Age
Ending age
Imperial Age
RankedLock teamsTeams togetherTeam positionsShared explorationLock speedFull tech treeHidden civsTurbo modeCheats
Victory
Defeat
🇨🇿 Varangians · Czechia
832
+15
🇧🇷 Britons · Brazil
809
-39
Barriga de Bosta
0:30 Loom
10:39 Feudal Age
11:16 Double-Bit Axe
11:14 Horse Collar
20:44 Castle Age
18:57 Gold Mining
19:44 Stone Mining
20:28 Fletching
21:01 Padded Archer Armor
21:29 Heavy Plow
22:05 Crossbowman
23:13 Pikeman
25:27 Fervor
28:54 Murder Holes
31:13 Bow Saw
34:52 Imperial Age
33:57 Gold Shaft Mining
34:02 Wheelbarrow
34:11 Ballistics
34:14 Forging
34:48 Bodkin Arrow
34:59 Scale Mail Armor
35:06 Town Watch
36:58 Conscription
38:04 Yeomen
37:48 Warwolf
Hukerikeri
11:18 Feudal Age
10:00 Loom
11:57 Double-Bit Axe
11:58 Fishing Lines
12:15 Stone Mining
12:12 Town Watch
14:09 Gold Mining
14:30 Horse Collar
17:58 Castle Age
17:15 Scale Barding Armor
18:19 Bloodlines
18:49 Bow Saw
19:14 Gillnets
19:29 Husbandry
19:41 Horse Collar
21:32 Wheelbarrow
24:07 Chain Barding Armor
24:37 Heavy Plow
27:28 Ballistics
26:55 Elite Skirmisher
27:54 Hand Cart
28:47 Forging
34:26 Imperial Age
32:28 Fletching
32:36 Murder Holes
34:43 Bow Saw
35:15 Fervor
35:38 Conscription
35:08 Vendel Legacy
Connection lost

Rejoining the realm…

Still unreachable

The connection could not be restored.

Session expired

The server has moved on; the page needs a fresh start.